 Dungeon Crawl Stone Soup version 0.30-a0-726-gd89dcf765f (webtiles) character file.

Game seed: 17774742615810747257

6 M4edhros the Insei (level 1, 0/16 HPs)
             Began as an Octopode Monk on Jan 29, 2023.
             Succumbed to an adder's poison
             ... on level 2 of the Dungeon.
             The game lasted 00:00:15 (262 turns).

M4edhros the Insei (Octopode Monk)                   Turns: 262, Time: 00:00:15

Health: 0/16       AC:  1    Str: 10    XL:     1   Next: 90%
Magic:  1/1        EV: 14    Int: 12    God:
Gold:   46         SH:  0    Dex: 14    Spells: 0/0 levels left

rFire   . . .      SeeInvis .      - Unarmed
rCold   . . .      Faith    .    (no shield)
rNeg    . . .      Spirit   .    (helmet restricted)
rPois   .          Reflect  .    (no amulet)
rElec   .          Harm     .    (no ring)
rCorr   .          Rampage  .    (no ring)
Will    .....                    (no ring)
Stlth   +++                      (no ring)
HPRegen 0.22/turn                (no ring)
MPRegen 0.07/turn                (no ring)
                                 (no ring)
                                 (no ring)

@: lethally poisoned (0 -> -3), flying
A: almost no armour, amphibious, 8 rings, camouflage 1, gelatinous body 1,
(nimble swimmer 1), tentacles
a: no special abilities


You were on level 2 of the Dungeon.
You visited 1 branch of the dungeon, and saw 2 of its levels.

You collected 46 gold pieces.

Inventory:

Scrolls
 b - a scroll of poison {unknown}
 d - a scroll of fog {unknown}
 e - a scroll of vulnerability {unknown}
Potions
 a - a potion of ambrosia


   Skills:
 - Level 3.0 Fighting
 - Level 3.0 Dodging
 - Level 2.6 Stealth
 + Level 3.4 Unarmed Combat


You couldn't memorise any spells.
You didn't know any spells.
Your spell library was empty.

Dungeon Overview and Level Annotations

Branches:
Dungeon (2/15)

Altars:


Innate Abilities, Weirdness & Mutations

You cannot wear most types of armour.
You are amphibious.
You can wear up to eight rings at the same time.
Your skin changes colour to match your surroundings (Stealth+).
Your rubbery body absorbs attacks. (AC +1, EV +1)
((You are camouflaged when in or above water. (Stealth+)))
You have tentacles for arms and can constrict up to eight enemies at once.


Message History

A rat is nearby!
A rat is nearby!
A rat is nearby!
You tentacle-slap the rat but do no damage.
The rat is heavily wounded.
You constrict the rat.
You kill the rat!
e - a scroll labelled ZEILATHIXT No target in view!
You open the door. You open the door.
There is an open door here.
Found 5 stones.
An adder and a worm come into view.
Found 3 gold pieces.
The adder hisses angrily.
You closely miss the adder. Your grab misses the adder. The adder misses you.
You closely miss the adder. Your grab misses the adder. The adder bites you.
The adder barely misses you.
You miss the adder. Your grab misses the adder.
The adder completely misses you.
You miss the adder. Your grab misses the adder. You squeeze the adder.
The adder is lightly wounded.
The adder bites you.
You are poisoned.
The adder poisons you!
You barely miss the adder. You grab the adder.
The adder is lightly wounded.
You constrict the adder.
You feel sick. The adder barely misses you. The worm bites you!
Ouch! That really hurt!
* * * LOW HITPOINT WARNING * * *
You are too injured to fight recklessly!
You are too injured to fight recklessly!
You are too injured to fight recklessly!
You are too injured to fight recklessly!
It was a potion of flight.
You feel very buoyant.
You fly up into the air.
You constrict the adder.
You die...

#####.#
#......#
#.....#
####.###
#.....# #.#
######.....#
#.#
#....(.....#
#.#
#.####....##
####.#
#.####....#
#<...#
#.........#
######
#...@.....#
#..Sw.....#
#........?#
...........#
...........$.#
.##......#+###
#......#
#......#


You could see a worm and an adder.

Vanquished Creatures
  3 hobgoblins (D:1)
  A ball python (D:1)
  A kobold (D:1)
  A rat (D:2)
6 creatures vanquished.

Notes
Turn   | Place    | Note
-------+----------+-------------------------------------------
     0 | D:1      | M4edhros the Octopode Monk began the quest for the Orb.
     0 | D:1      | Reached XP level 1. HP: 16/16 MP: 1/1
   262 | D:2      | Succumbed to an adder's poison

Illustrated notes

Levels and vault maps discovered:
D:1:      eino_arrival_tree_alley, layout_basic
D:2:      layout_basic

Action                     || total
---------------------------++-------
  Melee: Unarmed           ||    18
         Constrict         ||     5
         Tentacles         ||     4
    Use: Potion            ||     1
   Stab: Sleeping          ||     2
  Dodge: Dodged            ||    13

Table legend: (Time is in decaauts)
 A = Elapsed time spent in this place.
 B = Non-inter-level travel time spent in this place.
 C = Inter-level travel time spent in this place.
 D = Time resting spent in this place.
 E = Time spent auto-exploring this place.
 F = Levels seen in this place.
 G = Mean time per level.
                   A        B        C        D        E       F      G
               +--------+--------+--------+--------+--------+-----+--------+
         Total |    260 |    254 |      6 |      0 |    193 |   2 |  130.0 |
       Dungeon |    260 |    254 |      6 |      0 |    193 |   2 |  130.0 |
               +--------+--------+--------+--------+--------+-----+--------+

Top non-repeatable levels by time:
     D:1: 202 daAuts
     D:2: 58 daAuts
